Map: Dreamcatcher LE

Players

NORTHAMERICA - Winner!

  • Race: Protoss Protoss
  • League: Grandmaster
  • Spawn Location: 11:00

MexxicanMaru

  • Race: Terran Terran
  • League: Grandmaster
  • Spawn Location: 5:00

VOD

Have the link to the VOD?

Description

Time

  • Played on: Sept. 14, 2018, 2:30 a.m.
  • Length: 6:38
Show
View Real Time Build Order
Export as new Build Order

NORTHAMERICA Protoss - Winner!

Build Orders: 1 Gate Expand, Dark Templar Rush 

Get SALT Encoding   

  12  0:01  Probe  
  13  0:13  Probe  
  14  0:19  Pylon  
  14  0:25  Probe  
  15  0:34  Probe  
  15  0:39  Gateway  
  15  0:42  Probe  
  17  0:51  Assimilator  
  17  0:52  Probe  
  18  1:04  Probe  
  19  1:16  Probe  
  20  1:26  Nexus  
  20  1:35  Cybernetics Core  
  20  1:38  Probe  
  21  1:43  Assimilator  
  21  1:50  Probe  
  22  1:55  Pylon  
  22  2:03  Probe  
  22  2:04  Adept  
  23  2:13  Warp Gate  
  23  2:15  Probe  
  26  2:19  Pylon  
  26  2:27  Probe  
  27  2:33  Twilight Council  
  27  2:37  Probe  
  27  2:39  Probe  
  29  2:45  Probe  
  29  2:46  Stalker  
  31  2:51  Probe  
  31  2:55  Probe  
  34  3:04  Probe  
  35  3:07  Probe  
  35  3:11  Dark Shrine  
  36  3:16  Probe  
  36  3:19  Probe, Charge  
  38  3:28  Probe  
  38  3:33  Probe  
  40  3:38  Gateway  
  40  3:39  Gateway  
  40  3:41  Probe  
  41  3:46  Probe  
  42  3:52  Pylon  
  42  3:53  Probe  
  43  3:57  Pylon  
  43  3:58  Probe  
  43  4:02  Assimilator  
  44  4:04  Assimilator  
  44  4:05  Probe  
  45  4:10  Probe  
  45  4:12  Shadow Stride  
  45  4:15  Shield Battery  
  46  4:17  Probe  
  46  4:19  Gateway  
  46  4:22  Probe  
  46  4:23  Dark Templar  
  50  4:33  Dark Templar  
  50  4:35  Probe  
  53  4:39  Dark Templar  
  53  4:40  Pylon  
  55  4:49  Gateway  
  55  4:50  Gateway  
  55  4:53  Gateway  
  55  4:56  Probe  
  55  4:59  Probe  
  51  5:04  Dark Templar  
  51  5:09  Probe  
  51  5:11  Probe  
  51  5:12  Pylon  
  52  5:28  Probe  
  52  5:38  Dark Templar x3  
  56  5:48  Dark Templar  
  58  5:50  Dark Templar  
  58  5:51  Zealot x2  
  64  6:06  Dark Templar  
  64  6:08  Zealot  
  64  6:10  Zealot  
  64  6:11  Zealot x3  
  74  6:16  Dark Templar  
Show
View Real Time Build Order
Export as new Build Order

MexxicanMaru Terran 

Build Orders: Reaper Expand 

Get SALT Encoding   

  12  0:02  SCV  
  13  0:15  SCV  
  13  0:18  Supply Depot  
  14  0:27  SCV  
  15  0:30  Refinery  
  15  0:39  SCV  
  16  0:45  Barracks  
  16  0:51  SCV  
  17  1:03  SCV  
  18  1:16  SCV  
  19  1:32  Reaper  
  19  1:33  Orbital Command  
  20  1:50  Command Center  
  20  1:59  SCV  
  21  2:05  Factory  
  21  2:11  SCV  
  21  2:12  Barracks Reactor  
  22  2:16  Supply Depot  
  22  2:23  SCV  
  22  2:25  Refinery  
  23  2:38  SCV  
  24  2:48  Marine x2  
  24  2:49  Widow Mine  
  24  2:50  SCV  
  29  2:53  Starport  
  29  3:02  Orbital Command, SCV  
  30  3:06  Marine  
  30  3:07  Marine  
  32  3:14  SCV  
  32  3:18  Widow Mine  
  35  3:23  Marine  
  35  3:25  Marine  
  35  3:26  SCV  
  38  3:32  SCV  
  38  3:33  Medivac  
  40  3:38  SCV  
  40  3:40  Widow Mine  
  43  3:43  Supply Depot, Marine  
  43  3:44  SCV  
  43  3:46  Marine  
  46  3:55  Engineering Bay  
  46  3:58  Supply Depot  
  46  4:02  Factory Tech Lab  
  46  4:05  SCV x2  
  48  4:11  Marine  
  48  4:16  Marine  
  50  4:17  SCV x2  
  50  4:21  Siege Tank  
  50  4:23  Terran Infantry Weapons Level 1  
  55  4:29  SCV x2  
  57  4:32  Supply Depot  
  57  4:37  Marine x2  
  59  4:41  SCV x2  
  59  4:45  Missile Turret  
  60  4:53  SCV x2  
  60  4:57  Missile Turret  
  60  4:59  Marine x2  
  63  5:06  SCV  
  64  5:20  Missile Turret  
  62  5:23  Marine  
  62  5:25  SCV, Barracks x2  
  62  5:27  Orbital Command  
  62  5:29  Marine  
  62  5:38  Missile Turret  
  62  5:46  Supply Depot  
  62  5:48  Refinery  
  62  5:51  Starport Tech Lab  
  62  6:00  Factory Reactor  
  62  6:07  SCV x2  
  62  6:09  Supply Depot  
  64  6:19  SCV x2  
  64  6:20  Starport Reactor  
Tags
 
Add a new tag
Caveats
  • Supply blocks, unpowered buildings, or Contaminate may cause inaccurate times.
  • Supply counts are checked every 10 seconds.